 Dungeon Crawl Stone Soup version 0.19-a0-1534-g03f6967 (webtiles) character file.

95 PurpleRed the Chopper (level 4, -2/37 HPs)
             Began as a Human Berserker on Sept 13, 2016.
             Was a Follower of Trog.
             Slain by an orc
             ... wielding a +0 mace
              (6 damage)
             ... on level 5 of the Dungeon.
             The game lasted 00:04:41 (570 turns).

PurpleRed the Chopper (Human Berserker)              Turns: 570, Time: 00:04:41

Health: -2/37      AC:  2    Str: 19    XL:     4   Next: 97%
Magic:  4/4        EV:  7    Int:  7    God:    Trog [*.....]
Gold:   35         SH: 11    Dex: 15    Spells: 0 memorised, 3 levels left

rFire  . . .     SeeInvis .     a - +0 hand axe
rCold  . . .     Gourm    .     b - +0 animal skin
rNeg   . . .     Faith    .     h - +0 large shield
rPois  .         Spirit   .     (no helmet)
rElec  .         Dismiss  .     (no cloak)
rCorr  .         Reflect  .     (no gloves)
MR     .....     Harm     .     (no boots)
Stlth  +.........               (no amulet)
                                (no ring)
                                g - +3 ring of dexterity

@: exhausted, slowed, very slow
A: no striking features
a: Berserk, Burn Spellbooks, Renounce Religion


You were on level 5 of the Dungeon.
You worshipped Trog.
Trog was aware of your devotion.
You were very hungry.

You visited 1 branch of the dungeon, and saw 5 of its levels.

You collected 35 gold pieces.

Inventory:

Hand Weapons
 a - a +0 hand axe (weapon)
Armour
 b - a +0 animal skin (worn)
 h - a +0 large shield (worn)
Jewellery
 f - an uncursed ring of fire
 g - a +3 ring of dexterity (left hand)
Scrolls
 d - 2 scrolls of identify
 e - a scroll of blinking
 i - 2 scrolls of noise {unknown}
 j - a scroll of enchant weapon {unknown}
Comestibles
 c - a bread ration


   Skills:
 + Level 3.8 Fighting
 * Level 4.6 Axes
 - Level 2.0 Armour
 - Level 2.0 Dodging


You had 3 spell levels left.
You didn't know any spells.

Dungeon Overview and Level Annotations

Branches:
Dungeon (5/15)
 Temple: D:4-7

Altars:
Dithmenos

Shops:
D:4 :*%%


Message History

The orc is almost dead.
The orc hits you with a mace.
* * * LOW HITPOINT WARNING * * *
You hit the orc but do no damage.
The orc is almost dead.
The orc hits you with a mace.
* * * LOW HITPOINT WARNING * * *
The orc hits you but does no damage.
You closely miss the orc.
The orc is almost dead.
The orc barely misses you.
You hit the orc but do no damage.
The orc is almost dead.
The orc hits you with a mace.
* * * LOW HITPOINT WARNING * * *
You block the orc's attack.
Your shield prevents you from hitting the orc.
The orc is almost dead.
The orc hits you with a mace.
You die...

#.# # ###.### # # #.#
#.#.....#.#
#..###.####.#.....#.#
#..o......#.........#
#.##.# #.....# #.##.#
#..<..# #.##.#
###.###
#o##.####...###.
#.@.............#
####.####...##### #.#
##.## #.# #.# #.# #.#
#.# #.# ... .# ###


You could see an orc.

Vanquished Creatures
  A crimson imp (D:4)
  An iguana (D:4)
  A worker ant (D:5)
  A dart slug (D:4)
  3 bats (D:2)
  A giant cockroach (D:1)
  A goblin (D:3)
  3 kobolds
12 creatures vanquished.

Notes
Turn   | Place    | Note
-------+----------+-------------------------------------------
     0 | D:1      | PurpleRed the Human Berserker began the quest for the Orb.
     0 | D:1      | Reached XP level 1. HP: 18/18 MP: 1/1
   157 | D:2      | Reached XP level 2. HP: 23/24 MP: 2/2
   419 | D:4      | Found Zunn's Food Shoppe.
   420 | D:4      | Found Pag Asot's Book Shop.
   421 | D:4      | Noticed a crimson imp
   422 | D:4      | Found Nugicle's Assorted Antiques.
   463 | D:4      | Killed a crimson imp
   463 | D:4      | Reached skill level 4 in Axes
   463 | D:4      | Reached XP level 3. HP: 29/29 MP: 3/3
   465 | D:4      | Reached XP level 4. HP: 30/37 MP: 4/4
   501 | D:4      | Found Alofreto's Food Shop.
   509 | D:4      | Found a shadowy altar of Dithmenos.
   539 | D:5      | Entered Level 5 of the Dungeon
   570 | D:5      | Slain by an orc

Vault maps used:
D:1:      arrival_zaba_pyramid
D:2:      kennysheep_goblin_castle, old_standard_altar, first_bread
D:3:      marbit_many_paths, uniq_grinder, uniq_terence
D:4:      grunt_dithmenos_smoke, serial_shops, kennysheep_mini_moat,
          nicolae_shop_trees, nicolae_shop_temple_entry_statues_fountains, shop,
          shop, okawaru_ov_weapons_minmay
D:5:      vehumet_crystals, nicolae_overflow_hidden_temple, uniq_eustachio

Skill      XL: |  1  2 |
---------------+-------+-----
Axes           | 4 |  4.6
Fighting       | |  3.8
Armour         | |  2.0
Dodging        | |  2.0

Action                   |  1- 3 |  4- 6 || total
-------------------------+-------+-------++-------
Melee: Hand axe          |    32 |    13 ||    45
Invok: Berserk           |     1 |     1 ||     2
  Use: Scroll            |     2 |       ||     2
Armor: Animal skin       |    11 |     1 ||    12
Dodge: Dodged            |    17 |     1 ||    18
Block: Large shield      |     5 |     7 ||    12
